 Dungeon Crawl Stone Soup version 0.31-a0-187-gba352fbbf7 (webtiles) character file.

Game seed: 461385157676761940

268 qw the Skirmisher (level 6, 0/34 HPs)
             Began as a Deep Elf Hunter on June 22, 2023.
             Slain by a white imp (1 damage)
             ... on level 4 of the Dungeon.
             The game lasted 00:01:03 (2459 turns).

qw the Skirmisher (Deep Elf Hunter)                 Turns: 2459, Time: 00:01:03

Health: 0/34       AC:  7    Str: 10    XL:     6   Next: 1%
Magic:  8/8        EV: 13    Int: 14    God:
Gold:   148        SH:  0    Dex: 18    Spells: 5/5 levels left

rFire   . . .        Y - +0 shortbow
rCold   . . .        (shield currently unavailable)
rNeg    . . .        c - +0 leather armour
rPois   .            (no helmet)
rElec   .            (no cloak)
rCorr   .            (no gloves)
SInv    .            (no boots)
Will    .....        (no amulet)
Stlth   +            h - +4 ring of protection
HPRegen 0.25/turn    (no ring)
MPRegen 0.11/turn

%: no passive effects
@: confused
A: no striking features
a: no special abilities


You were on level 4 of the Dungeon.
You visited 1 branch of the dungeon, and saw 4 of its levels.

You collected 148 gold pieces.


   Skills:
 + Level 1.6 Fighting
 - Level 9.0 Ranged Weapons
 - Level 3.8 Dodging
 - Level 1.2 Stealth


You had 5 spell levels left.
You didn't know any spells.
Your spell library was empty.

Inventory:

Hand Weapons
 Y - a +0 shortbow (weapon)
Armour
 c - a +0 leather armour (worn)
Jewellery
 f - a ring of fire
 h - a +4 ring of protection (left hand)
Scrolls
 b - a scroll of identify
 j - a scroll of enchant armour
Potions
 a - a potion of might
 d - 2 potions of mutation {unknown}
 e - a potion of enlightenment
 k - a potion of resistance {unknown}
 m - a potion of berserk rage {unknown}

Dungeon Overview and Level Annotations

Branches:
Dungeon (4/15)
 Temple: D:4-7

Altars:

Annotations:
D:3 3 runed translucent doors, qw's ghost, amateur DEHu
D:4 Ijyb


Message History

You shoot an arrow. The arrow barely misses the quokka.
The quokka barely misses you.
You shoot an arrow. The arrow hits the quokka.
You kill the quokka!
Ijyb hits you with a +0 dagger.
You shoot an arrow. The arrow hits Ijyb but does no damage.
The white imp barely misses you. Ijyb hits you but does no damage.
You shoot an arrow. The arrow barely misses Ijyb.
The white imp gestures at you. The puff of frost hits you.
Ijyb zaps a wand.
Your will is overpowered!
You are confused.
The white imp shouts, "Take thy face hence, thou featherweight earth-vexing efter!"
The white imp gestures at you. The puff of frost hits you.
Ijyb closely misses you.
The white imp hits you but does no damage.
Ijyb hits you but does no damage.
The white imp hits you but does no damage.
Ijyb hits you but does no damage. The white imp closely misses you.
Ijyb hits you but does no damage. The white imp gestures at you.
The puff of frost hits you! Ijyb hits you with a +0 dagger.
You feel less confused.
The white imp hits you but does no damage.
Ijyb hits you but does no damage.
You shoot an arrow. The arrow hits Ijyb but does no damage.
The white imp completely misses you. Ijyb misses you.
You shoot an arrow. The arrow hits Ijyb but does no damage.
The white imp closely misses you. Ijyb hits you but does no damage.
You shoot an arrow. The arrow hits Ijyb but does no damage.
The white imp closely misses you.
Ijyb zaps a wand.
Your will is overpowered!
You are confused.
The white imp hits you but does no damage.
Ijyb zaps a wand.
Your will is overpowered!
You are more confused.
The white imp gestures at you. The puff of frost hits you!
Ijyb barely misses you. The white imp gestures at you.
The puff of frost hits you! Ijyb barely misses you. The white imp hits you.
You die...

#....##
##.#.# #####
###.##.....
#.##......
#.#....<..
###.#.8.....
#...#.......
###.#5..8.8.
##@g......
##.8.....
....>..
#......
#..... #####


You could see Ijyb and a white imp.

Vanquished Creatures
  A scorpion (D:3)
  An iguana (D:3)
  3 gnolls (D:2)
  9 adders
  A worm (D:2)
  A dart slug (D:3)
  An orc (D:3)
  4 endoplasms
  5 giant cockroaches
  8 goblins
  3 hobgoblins
  3 jackals (D:2)
  6 quokkas
  12 ball pythons
  3 bats (D:1)
  6 frilled lizards
  8 kobolds
  7 rats
82 creatures vanquished.

Notes
Turn   | Place    | Note
-------+----------+-------------------------------------------
     0 | D:1      | qw the Deep Elf Hunter began the quest for the Orb.
     0 | D:1      | Reached XP level 1. HP: 12/12 MP: 3/3
     0 | D:1      | 0 ||| qw: Version: 0.3-a-9-g12657ce
     0 | D:1      | 0 ||| qw: Game counter: 2243
     0 | D:1      | 0 ||| qw: Always use a shield: true
     0 | D:1      | 0 ||| qw: God list: Okawaru
     0 | D:1      | 0 ||| qw: Allow faded altars: false
     0 | D:1      | 0 ||| qw: Do Orc after D:15 true
     0 | D:1      | 0 ||| qw: Do second Lair branch before Depths: true
     0 | D:1      | 0 ||| qw: Lair rune preference: random
     0 | D:1      | 0 ||| qw: Plans: Normal
     0 | D:1      | 0 ||| PLANNING D:1-11
   119 | D:1      | Reached XP level 2. HP: 16/16 MP: 4/4
   186 | D:1      | Reached skill level 6 in Ranged Weapons
   539 | D:1      | Reached XP level 3. HP: 20/20 MP: 5/5
   664 | D:1      | Found a faded altar of an unknown god.
   667 | D:1      | 667 ||| UPGRADING to +4 ring of protection.
   668 | D:1      | 668 ||| READING scroll labelled UKHLUVA YSACRO.
   669 | D:1      | 669 ||| READING scroll labelled EMIRON SISON.
   670 | D:1      | 670 ||| READING scroll labelled RORRAS RYURUQOSELU.
   671 | D:1      | 671 ||| DRINKING 2 pink potions.
   672 | D:1      | 672 ||| DROPPING scroll of butterflies.
   673 | D:1      | 673 ||| DROPPING potion of degeneration.
   713 | D:2      | 713 ||| STAIRDANCE
   721 | D:1      | HP: 5/20 [poisoned by an adder]
   723 | D:1      | HP: 1/20 [goblin/+0 club (2)]
   809 | D:2      | Reached skill level 7 in Ranged Weapons
   855 | D:2      | Reached XP level 4. HP: 23/25 MP: 6/6
  1043 | D:2      | Reached skill level 8 in Ranged Weapons
  1422 | D:2      | 1422 ||| READING 2 scrolls labelled FUALATZ XYXEAD.
  1423 | D:2      | 1423 ||| READING scroll labelled ETENTOVEYT.
  1424 | D:2      | 1424 ||| DRINKING 2 silvery potions.
  1526 | D:3      | Reached XP level 5. HP: 17/29 MP: 7/7
  1933 | D:3      | Reached skill level 9 in Ranged Weapons
  1955 | D:3      | Found a runed translucent gate.
  1955 | D:3      | Found a runed translucent gate.
  1956 | D:3      | Found a runed translucent gate.
  1957 | D:3      | Noticed qw's ghost (amateur DEHu)
  2283 | D:3      | 2283 ||| DROPPING ring of flight.
  2284 | D:3      | 2284 ||| READING scroll labelled VAGUSTR YLAZELE.
  2285 | D:3      | 2285 ||| DRINKING 2 black potions.
  2286 | D:3      | 2286 ||| READING 3 scrolls of identify.
  2286 | D:3      | 2286 ||| IDENTIFYING red potion
  2287 | D:3      | 2287 ||| READING 2 scrolls of identify.
  2287 | D:3      | 2287 ||| IDENTIFYING brown potion
  2288 | D:3      | 2288 ||| DROPPING potion of attraction.
  2305 | D:4      | 2305 ||| STAIRDANCE
  2335 | D:4      | 2335 ||| STAIRDANCE
  2338 | D:3      | HP: 6/29 [poisoned by a scorpion]
  2339 | D:3      | 2339 ||| DRINKING potion of heal wounds.
  2344 | D:3      | Reached skill level 3 in Dodging
  2344 | D:3      | Reached XP level 6. HP: 28/34 MP: 8/8
  2441 | D:4      | Noticed Ijyb
  2457 | D:4      | HP: 8/34 [white imp/puff of frost (10)]
  2458 | D:4      | HP: 1/34 [white imp/puff of frost (7)]
  2459 | D:4      | Slain by a white imp

Levels and vault maps discovered:
D:1:      dpeg_arrival_renting, layout_loops_ring,
          chequers_ecumenical_altar_lobes, minmay_quantized
D:2:      layout_loops_cross
D:3:      layout_loops_ring, gammafunk_ghost_nasty_kobolds,
          minmay_misc_feat_nine_boxes
D:4:      corexii_shantytown, layout_cave_pods, grunt_ministairs_10,
          uniq_sigmund, uniq_ijyb

Skill      XL: |  1  2  3  4  5 |
---------------+----------------+-----
Ranged Weapons | 6 7 8 9 |  9.0
Dodging        | 3 |  3.8
Fighting       | |  1.6
Stealth        | |  1.2

Action                     |  1- 3 |  4- 6 || total
---------------------------+-------+-------++-------
   Fire: Shortbow          |    99 |   151 ||   250
    Use: Scroll            |     3 |     5 ||     8
         Potion            |     1 |     3 ||     4
 Armour: Leather armour    |    22 |    29 ||    51
  Dodge: Dodged            |    43 |    56 ||    99

Table legend:
 A = Non-vault XP
 B = Vault XP
 C = Vault XP percentage of total XP
 D = Non-vault monster count
 E = Vault monster count
 F = Vault count percentage of total count
                 A         B        C        D         E       F
            +---------+---------+-------+---------+---------+-------
      Total |     370 |      14 |   3.6 |      74 |       8 |   9.8
            +---------+---------+-------+---------+---------+-------
        D:1 |      45 |      12 |  21.1 |      23 |       7 |  23.3
        D:2 |     118 |       0 |   0.0 |      26 |       0 |   0.0
        D:3 |     206 |       0 |   0.0 |      24 |       0 |   0.0
        D:4 |       1 |       2 |  66.7 |       1 |       1 |  50.0
            +---------+---------+-------+---------+---------+-------
